 Dungeon Crawl Stone Soup version 0.20.1-1-g8b1a95d (webtiles) character file.

16 JohnnyMnemonic the Gusty (level 2, 0/17 HPs)
             Began as an Octopode Air Elementalist on July 18, 2017.
             Slain by a giant cockroach (2 damage)
             ... on level 2 of the Dungeon.
             The game lasted 00:00:47 (874 turns).

JohnnyMnemonic the Gusty (Octopode Air Elementalist) Turns: 874, Time: 00:00:47

Health: 0/17       AC:  1    Str:  7    XL:     2   Next: 58%
Magic:  1/5        EV: 13    Int: 17    God:
Gold:   48         SH:  0    Dex: 12    Spells: 4/5 levels left

rFire    . . .     SeeInvis .   (no weapon)
rCold    . . .     Gourm    .   (no shield)
rNeg     . . .     Faith    .   (helmet restricted)
rPois    .         Spirit   .   (no amulet)
rElec    .         Reflect  .   (no ring)
rCorr    .         Harm     .   (no ring)
MR       .....                  (no ring)
Stlth    +++.......             (no ring)
Regen    0.1/turn               (no ring)
MPRegen  0.1/turn               (no ring)
                                (no ring)
                                (no ring)

@: no status effects
A: almost no armour, stealthy swim, amphibious, 8 rings, constrict 8, camouflage
1, gelatinous body 1
a: no special abilities


You were on level 2 of the Dungeon.
You were not hungry.

You visited 1 branch of the dungeon, and saw 2 of its levels.

You collected 48 gold pieces.

Inventory:

Scrolls
 c - 4 scrolls of remove curse {unknown}
 e - a scroll of enchant armour {unknown}
 f - a scroll of noise {unknown}
Potions
 g - a potion of degeneration {unknown}
Books
 a - a book of Air

   Spells                             Type                      Level
   a - Shock                          Conjuration/Air              1
   b - Swiftness                      Charms/Air                   2
   c - Static Discharge               Conjuration/Air              3
   d - Airstrike                      Air                          4
   e - Lightning Bolt                 Conjuration/Air              5
Comestibles
 b - a bread ration
 d - 5 chunks of flesh
 h - 2 royal jellies


   Skills:
 + Level 2.2 Dodging
 + Level 3.1 Stealth
 + Level 2.1 Spellcasting
 + Level 1.2 Conjurations
 + Level 3.2 Air Magic


You had 4 spell levels left.
You knew the following spells:

 Your Spells              Type           Power        Failure   Level  Hunger
a - Shock                 Conj/Air       #...         8%          1    #......


Dungeon Overview and Level Annotations

Branches:
Dungeon (2/15)

Altars:


Innate Abilities, Weirdness & Mutations

You cannot wear most types of armour.
You are very stealthy in the water. (Stealth+)
You are amphibious.
You can wear up to eight rings at the same time.
You can use your tentacles to constrict eight enemies at once.
Your skin changes colour to match your surroundings (Stealth+).
Your rubbery body absorbs attacks. (AC +1, EV +1)


Message History

Casting: Shock
Confirm with . or Enter, or press ? or * to list all spells.
Aiming: Shock
Press: ? - help, Shift-Dir - straight line, f/p - leopard gecko
Aim: a leopard gecko (moderately wounded, clinging)
The zap hits the leopard gecko.
You kill the leopard gecko!
The zap hits the giant cockroach.
The giant cockroach is moderately wounded.
The giant cockroach bites you.
* * * LOW HITPOINT WARNING * * *
Casting: Shock
Confirm with . or Enter, or press ? or * to list all spells.
Aiming: Shock
Press: ? - help, Shift-Dir - straight line, f - giant cockroach
Aim: a giant cockroach (moderately wounded, clinging)
The zap hits the giant cockroach.
The giant cockroach is severely wounded.
The giant cockroach bites you.
You die...

### #.# ......
..# ....# #.#
#.#.###.###
.........# ...
..#.# #.#
#.#.#####.
#<###.........
#.@s..........
#####w..######
.....# ###...#
#..... .......
#..####? #..#


You could see a worm and a giant cockroach.

Vanquished Creatures
  2 leopard geckos
  A ball python (D:1)
  A giant cockroach (D:1)
  A hobgoblin (D:1)
  2 kobolds (D:1)
  A bat (D:1)
  3 frilled lizards (D:1)
  A goblin (D:1)
  3 rats
15 creatures vanquished.

Notes
Turn   | Place    | Note
-------+----------+-------------------------------------------
     0 | D:1      | JohnnyMnemonic the Octopode Air Elementalist began the quest for the Orb.
     0 | D:1      | Reached XP level 1. HP: 11/11 MP: 3/3
   197 | D:1      | Reached XP level 2. HP: 13/17 MP: 3/5
   874 | D:2      | Slain by a giant cockroach

Skill      XL: |  1 |
---------------+----+-----
Stealth        | 3 |  3.1
Dodging        | |  2.2
Spellcasting   | |  2.1
Conjurations   | |  1.2
Air Magic      | |  3.2

Action                   || total
-------------------------++-------
Melee: Unarmed           ||    12
       Constrict         ||     4
       Tentacles         ||     3
 Cast: Shock             ||    15
 Stab: Sleeping          ||     2
Armor: Skin              ||     1
Dodge: Dodged            ||    12
